cohdb
Replays
Latest Replays
All Replays
Popular Replays
Top Player Replays
Match Explorer
How It Works
Community
CoH3 Stats
Reddit
Sign in to upload your games and track your stats! →
Sign in with Steam
Match 44713359
Unlisted
Match 44713359
Overview
Messages
Build Orders
End
Kradschützen Motorcycle Team
Selects Panzerjäger Kommand Battlegroup
Panzergrenadier Squad
Panzergrenadier Squad
Selects Mine Fields
250 Light Carrier
Construct Light Support Kompanie
Selects GrB 39 Grenade Launcher Requisition
Construct Mechanized Kompanie
Support Armor Elements
Vehicle Survival Package
Pak 38 Mechanized Group
254 Reconnaissance Tractor
Combat Half-tracks
MG34 Team
StuG III D Assault Gun
Pak 38 Mechanized Group
Emergency Repair Kits
StuG III D Assault Gun
Panzerpioneer Squad
2.5-tonne Medical Truck
Selects Crew Shock Tactics
Selects Anti-tank Overwatch
Assault Mechanized Group
Pak 38 Anti-tank Gun Team
Pak 38 Anti-tank Gun Team
Oziligath
Ashur
*Mule
Ra11
0
0
Comments
sign in to comment!
No comments posted yet!